 Dungeon Crawl Stone Soup version 0.30-a0-913-g9934a0ce24 (webtiles) character file.

Game seed: 12670885018273131398

17302 Iniera the Fighter (level 12, 0/70 HPs)
             Began as a Vine Stalker Monk on Mar 20, 2023.
             Was a High Priest of Cheibriados.
             Slain by a hell hound (2 damage)
             ... led by Azrael
             ... on level 12 of the Dungeon.
             The game lasted 00:24:22 (10610 turns).

Iniera the Fighter (Vine Stalker Monk)             Turns: 10610, Time: 00:24:22

Health: 0/70       AC: 11    Str: 28    XL:     12   Next: 46%
Magic:  0/18       EV: 17    Int: 23    God:    Cheibriados [*****.]
Gold:   1027       SH:  0    Dex: 40    Spells: 11/11 levels left

rFire   . . .      SeeInvis .    b - +7 scimitar (flame)
rCold   + . .      Faith    .    l - +0 buckler
rNeg    . . .      Spirit   +    w - +0 scale mail {Will+}
rPois   .          Reflect  +    (no helmet)
rElec   .          Rampage  .    (no cloak)
rCorr   +                        (no gloves)
Will    ++...                    K - +3 pair of mountain boots {steadfast, rC+} Stlth
                                 o - amulet of reflection
HPRegen 1.11/turn                p - +6 ring of dexterity
MPRegen 0.16/turn                u - ring of resist corrosion

@: confused, about to teleport, ambrosia-drunk, studying Fighting, very slow
A: fangs 3, regeneration 1, magic shield, antimagic bite, no potion heal 2
a: Renounce Religion, Bend Time, Temporal Distortion, Slouch, Step From Time


You were on level 12 of the Dungeon.
You worshipped Cheibriados.
Cheibriados was extremely pleased with you.
You visited 2 branches of the dungeon, and saw 13 of its levels.
You also visited: Sewer.

You collected 1027 gold pieces.

Inventory:

Hand Weapons
 a - a +0 dagger of venom
 b - a +7 scimitar of flaming (weapon)
Missiles
 r - 12 large rocks
 y - 7 throwing nets
 D - 4 curare-tipped darts (quivered)
Armour
 l - a +0 buckler (worn)
 w - a +0 scale mail of willpower (worn)
 K - the +3 pair of mountain boots (worn) {steadfast, rC+}
   (You acquired it on level 10 of the Dungeon)

   Steadfast: It prevents involuntary movement, except for blinking,
   teleportation, or banishment.
   rC:        It protects you from cold.
Jewellery
 n - an amulet of faith
 o - an amulet of reflection (around neck)
 p - a +6 ring of dexterity (left hand)
 q - a ring of wizardry
 u - a ring of resist corrosion (right hand)
 C - a ring of see invisible
Wands
 h - a wand of flame (22)
 G - a wand of roots (8)
 J - a wand of digging (4)
Scrolls
 e - 3 scrolls of teleportation
 i - a scroll of immolation
 m - a scroll of vulnerability
 v - 5 scrolls of magic mapping
 z - a scroll of fog
 F - 3 scrolls of blinking
 I - 5 scrolls of identify
Potions
 c - 3 potions of ambrosia
 d - 6 potions of attraction
 f - 3 potions of invisibility
 g - 5 potions of flight
 j - 8 potions of curing
 s - 3 potions of haste
 t - a potion of magic


   Skills:
 + Level 11.7 Fighting
 - Level 10.2(10.7) Short Blades
 + Level 5.3(8.4) Long Blades
 + Level 4.8 Armour
 + Level 5.6 Dodging
 - Level 2.4 Stealth
 - Level 4.9 Shields
 - Level 7.1 Invocations


You had 11 spell levels left.
You didn't know any spells.
Your spell library contained the following spells:

 Spells                   Type           Power      Damage    Failure   Level
 Freeze                   Ice            0%         1d3       38%         1
 Frozen Ramparts          Ice            0%         1d1       77%         3
 Gell's Gravitas          Tloc           0%         N/A       77%         3
 Hailstorm                Conj/Ice       0%         3d3       77%         3
 Ozocubu's Armour         Ice            0%         N/A       77%         3
 Portal Projectile        Hex/Tloc       0%         N/A       77%         3
 Teleport Other           Tloc           0%         N/A       77%         3
 Tukima's Dance           Hex            0%         N/A       77%         3
 Olgreb's Toxic Radiance  Pois           0%         N/A       99%         4
 Blade Hands              Tmut           0%         N/A       100%        5
 Metabolic Englaciation   Hex/Ice        0%         N/A       100%        5
 Dispersal                Tloc           0%         N/A       100%        6
 Simulacrum               Ice/Necr       0%         N/A       100%        6
 Ozocubu's Refrigeration  Ice            0%         4d7       100%        7
 Ignition                 Fire           0%         3d3       100%        8


Dungeon Overview and Level Annotations

Branches:
Dungeon (12/15)            Temple (1/1) D:4            Lair (0/5) D:8
  Sewer (visited)
    Orc: D:9-12

Altars:
Ashenzari
Cheibriados
Dithmenos
Elyvilon
Fedhas
Gozag
Hepliaklqana
Kikubaaqudgha
Makhleb
Nemelex Xobeh
Okawaru
Qazlal
Ru
Sif Muna
Trog
Uskayaw
Vehumet
Wu Jian
Xom
Yredelemnul
Zin
The Shining One

Shops:
D:2 (   D:4 *   D:5 :

Annotations:
D:3 2 transporters
D:7 3 runed translucent doors, bigduke15's ghost, novice DEFE
D:12 Azrael


Innate Abilities, Weirdness & Mutations

You have razor-sharp teeth.
Your natural rate of healing is unusually fast.
When hurt, damage is shared between your health and your magic reserves.
Your bite disrupts and absorbs the magic of your enemies.
Potions cannot restore your health.


Message History

You slice Azrael!!
Azrael is moderately wounded.
The fire elemental barely misses you. You block Azrael's attack.
The hell hound misses you. You block the fire elemental's attack.
Unknown command.
You slash Azrael! You bite Azrael, but do no damage.
Azrael is moderately wounded.
The hell hound bites you but does no damage.
Azrael hits you with a +4 scimitar of flaming!
Azrael burns you. You block the fire elemental's attack.
The hell hound bites you but does no damage.
You barely miss Azrael.
Azrael is moderately wounded.
The fire elemental closely misses you. Azrael gestures at you.
The fireball explodes!
The fireball engulfs you!!!
Ouch! That really hurt!
* * * LOW HITPOINT WARNING * * *
The fireball engulfs Azrael.
Azrael completely resists.
The fireball engulfs the hell hound.
The hell hound completely resists.
The fireball engulfs the fire elemental.
The fire elemental completely resists.
The hell hound bites you but does no damage.
Unknown command.
Unknown command.
As you read the scroll of teleportation, it crumbles to dust.
You feel strangely unstable. The fire elemental closely misses you.
The hell hound closely misses you.
Azrael hits you with a +4 scimitar of flaming.
* * * LOW HITPOINT WARNING * * *
Azrael burns you.
* * * LOW HITPOINT WARNING * * *
Unknown command.
Really quaff the potion of attraction?
Okay, then.
Unknown command.
You are confused.
Your system rejects the healing.
You feel invigorated. The hell hound bites you.
You die...

##################.#
...................#
.....####..........#
.....#
#..........####
###..#
#.............#
..#..#
+......[......#
..+..#
#######.......#
..#..# #.......#
..#..# #.@.....#
..#..# #RhE....#
..+..# +........#
..#^.# #.?......#
#........#
#........#
#........#
#........#


You could see Azrael, a fire elemental and a hell hound.

Vanquished Creatures
  Snorg (D:11)
  Harold (D:11)
  Erica (D:10)
  4 two-headed ogres
  Urug (D:11)
  Nergalle (D:12)
  Lodul (D:11)
  A manticore (D:11)
  An ugly thing (D:11)
  3 cyclopes (D:11)
  Maggie (D:8)
  2 molten gargoyles
  A gargoyle (D:11)
  An efreet (D:10)
  An unseen horror (D:11)
  A troll (D:12)
  A hornet (D:10)
  Sigmund (D:5)
  2 wyverns
  A vampire (D:12)
  11 yaks
  3 fire elementals (D:12)
  A wraith (D:12)
  4 vampire mosquitoes (D:12)
  2 acid dragons
  Pargi (Sewer)
  2 ice beasts
  2 orc warriors
  2 sky beasts
  A black bear (D:3)
  10 ogres
  5 centaurs
  A phantom (D:7)
  A bullfrog (D:7)
  3 kobold brigands
  2 scorpions
  4 wights (D:8)
  9 killer bees
  An electric eel (D:11)
  A howler monkey (D:6)
  5 lava snakes (D:11)
  2 orc priests (D:10)
  A gnoll bouda (D:7)
  5 hounds
  2 sleepcaps
  Ijyb (D:5)
  5 iguanas
  7 orc wizards
  10 gnolls
  8 adders
  2 ufetubi (D:5)
  3 worms (D:3)
  3 dart slugs
  21 orcs
  6 endoplasms
  3 giant cockroaches
  6 goblins
  2 hobgoblins
  3 jackals (D:2)
  10 quokkas
  7 ball pythons
  4 bats
  3 frilled lizards
  18 kobolds
  4 rats
234 creatures vanquished.

Vanquished Creatures (others)
  5 fungi (D:8)
  16 plants
21 creatures vanquished.

Grand Total: 255 creatures vanquished

Notes
Turn   | Place    | Note
-------+----------+-------------------------------------------
     0 | D:1      | Iniera the Vine Stalker Monk began the quest for the Orb.
     0 | D:1      | Reached XP level 1. HP: 11/11 MP: 2/2
   364 | D:1      | Reached XP level 2. HP: 16/16 MP: 3/3
  1230 | D:1      | Reached XP level 3. HP: 19/19 MP: 4/4
  1437 | D:2      | Reached skill level 3 in Fighting
  1571 | D:2      | Found Veed's Weapon Shoppe.
  2137 | D:3      | Gained mutation: Your natural rate of healing is unusually
                  | fast. [Vine Stalker growth]
  2137 | D:3      | Reached XP level 4. HP: 24/24 MP: 5/5
  2178 | D:3      | Found a glowing drain.
  2238 | Sewer    | Entered a sewer
  2430 | Sewer    | Noticed Pargi
  2449 | Sewer    | Killed Pargi
  2450 | Sewer    | Reached skill level 5 in Short Blades
  2450 | Sewer    | Reached XP level 5. HP: 28/29 MP: 4/6
  2633 | D:3      | Found a transporter.
  2680 | D:3      | Found a shimmering altar of Xom.
  2680 | D:3      | Found a sacrificial altar of Ru.
  2837 | D:3      | Reached XP level 6. HP: 33/33 MP: 7/7
  2893 | D:3      | Found a transporter.
  3024 | D:3      | Found a bloodstained altar of Trog.
  3341 | D:4      | Noticed a black bear
  3355 | D:3      | Reached skill level 4 in Fighting
  3368 | D:3      | Killed a black bear
  3714 | D:4      | Found a shadowy altar of Dithmenos.
  3772 | D:4      | Found Xinoddul's Overcharged Wands.
  3806 | D:4      | Reached XP level 7. HP: 36/38 MP: 8/8
  3995 | D:4      | Found a staircase to the Ecumenical Temple.
  4038 | Temple   | Entered the Ecumenical Temple
  4109 | Temple   | Became a worshipper of Cheibriados the Contemplative
  4109 | Temple   | Reached * piety under Cheibriados
  4109 | Temple   | Reached ** piety under Cheibriados
  4722 | D:5      | Entered Level 5 of the Dungeon
  4797 | D:5      | Reached skill level 1 in Invocations
  4910 | D:5      | Noticed Sigmund
  4922 | D:5      | Killed Sigmund
  4927 | D:5      | Reached skill level 5 in Fighting
  4987 | D:5      | Gained mutation: You have razor-sharp teeth. [Vine Stalker
                  | growth]
  4987 | D:5      | Reached XP level 8. HP: 39/43 MP: 10/10
  5023 | D:5      | Found Cywat's Book Shoppe.
  5290 | D:5      | Noticed Ijyb
  5307 | D:5      | Killed Ijyb
  5409 | D:6      | Found an iron altar of Okawaru.
  5614 | D:6      | Reached *** piety under Cheibriados
  5961 | D:7      | Found a runed translucent gate.
  5961 | D:7      | Found a runed translucent gate.
  5961 | D:7      | Found a runed translucent gate.
  6051 | D:7      | Reached XP level 9. HP: 48/48 MP: 12/12
  6257 | D:7      | Reached skill level 6 in Fighting
  6452 | D:7      | Reached skill level 1 in Shields
  6550 | D:7      | Reached **** piety under Cheibriados
  6767 | D:7      | Noticed a kobold demonologist
  6768 | D:7      | Noticed bigduke15's ghost (novice DEFE)
  6840 | D:8      | Reached skill level 1 in Armour
  6882 | D:8      | Reached XP level 10. HP: 50/53 MP: 14/14
  6946 | D:8      | Found a staircase to the Lair.
  7259 | D:8      | Found a broken altar of Ashenzari.
  7384 | D:8      | Noticed Maggie
  7400 | D:8      | Killed Maggie
  7538 | D:8      | Reached skill level 7 in Fighting
  7734 | D:9      | Noticed a two-headed ogre
  7749 | D:9      | Killed a two-headed ogre
  7750 | D:9      | Reached skill level 10 in Short Blades
  7789 | D:9      | Noticed a two-headed ogre
  7798 | D:9      | Killed a two-headed ogre
  8146 | D:9      | Found a blossoming altar of Fedhas.
  8155 | D:9      | Found a hazy altar of Hepliaklqana.
  8449 | D:10     | Entered Level 10 of the Dungeon
  8519 | D:10     | Noticed a two-headed ogre
  8528 | D:10     | Killed a two-headed ogre
  8530 | D:10     | Identified 2 scrolls of acquirement
  8530 | D:10     | Acquired the +3 pair of mountain boots {steadfast, rC+}
  8530 | D:10     | Found the +3 pair of mountain boots {steadfast, rC+}
  8543 | D:10     | Acquired a manual of Fighting
  8573 | D:10     | Reached ***** piety under Cheibriados
  8617 | D:10     | Reached XP level 11. HP: 27/60 MP: 13/15
  8620 | D:10     | Reached skill level 8 in Fighting
  8690 | D:10     | Noticed Erica
  8700 | D:10     | Killed Erica
  8701 | D:10     | Reached skill level 5 in Dodging
  8998 | D:11     | HP: 2/60 [molten gargoyle/bolt of magma (16)]
  9230 | D:11     | Noticed a cyan ugly thing
  9243 | D:11     | HP: 1/60 [cyan ugly thing (8)]
  9248 | D:11     | Killed a cyan ugly thing
  9311 | D:11     | Reached skill level 1 in Long Blades
  9314 | D:11     | Noticed Lodul
  9320 | D:11     | Reached skill level 9 in Fighting
  9356 | D:11     | Killed Lodul
  9357 | D:11     | Reached skill level 5 in Invocations
  9554 | D:11     | Noticed Harold
  9595 | D:11     | Killed Harold
  9596 | D:11     | Noticed Snorg
  9608 | D:11     | HP: 2/63 [Snorg (5)]
  9611 | D:11     | Killed Snorg
  9612 | D:11     | Reached skill level 10 in Fighting
  9734 | D:11     | Noticed a cyclops
  9748 | D:11     | Killed a cyclops
  9754 | D:11     | Found a radiant altar of Vehumet.
  9782 | D:11     | Noticed a manticore
  9789 | D:11     | Killed a manticore
  9910 | D:11     | Noticed a cyclops
  9916 | D:11     | Killed a cyclops
 10051 | D:11     | Noticed a two-headed ogre
 10054 | D:11     | Killed a two-headed ogre
 10055 | D:11     | Reached XP level 12. HP: 69/69 MP: 17/17
 10114 | D:11     | Reached skill level 11 in Fighting
 10126 | D:11     | Noticed Urug
 10137 | D:11     | Killed Urug
 10387 | D:12     | Reached skill level 5 in Long Blades
 10409 | D:12     | Noticed Nergalle
 10419 | D:12     | Killed Nergalle
 10598 | D:12     | Noticed Azrael
 10609 | D:12     | HP: 2/70 [Azrael/+4 scimitar of flaming (4)]
 10610 | D:12     | Slain by a hell hound

Illustrated notes

Levels and vault maps discovered:
D:1:      minmay_arrival_widening_spiral_narrow, layout_loops_ring,
          serial_co_window_serial, co_window_paths_a, co_window_corner_a,
          co_window_corner_a, co_window_paths_b, co_window_paths_a,
          co_window_corner_cb, co_window_unsneaky_path_a,
          co_window_unsneaky_path_d, co_window_corner_b, co_window_corner_b,
          co_window_unsneaky_path_b, co_window_broadway_a, glass_columns_b,
          glass_columns_a, glass_columns_a, glass_columns_b
D:2:      layout_loops_ring, serial_shops, shop, minmay_liquid_box
D:3:      gammafunk_wand_slinger, layout_basic, trog_butcher_becter,
          gammafunk_temple_overflow_pools, cheibrodos_sewer_entry_bend,
          uniq_crazy_yiuf_cottage
D:4:      layout_loops_corners, grunt_dithmenos_smoke_and_mirrors,
          minmay_temple_entry_stoned_glass, serial_co_window_serial,
          co_window_cross_1, co_window_of_opportunity_a, co_window_paths_b,
          co_window_cross_1, co_window_paths_b, co_window_of_opportunity_b,
          co_window_corner_b, co_window_corner_b, co_window_broadway_b,
          co_window_broadway_a, co_window_paths_d, glass_columns_a,
          glass_columns_b, glass_columns_b, glass_columns_b, glass_columns_a,
          nicolae_shop_overcharged_wands
D:5:      layout_loops_ring, serial_shops, shop_fountains, minmay_misc_feat_iff,
          uniq_ijyb, uniq_sigmund
D:6:      layout_cave_pools, nicolae_overflow_crystal_walls, serial_rivers,
          chequers_serial_rivers_micro_b, chequers_serial_rivers_micro_d,
          chequers_serial_rivers_micro_b, chequers_serial_rivers_marsh,
          chequers_serial_rivers_room_b, chequers_serial_rivers_micro_b,
          minmay_misc_feat_diagonals
D:7:      layout_basic, gammafunk_ghost_nasty_kobolds
D:8:      layout_loops_ring, evilmike_ruin_ashenzari, dpeg_oklobed_lair,
          hangedman_decor_riveting, uniq_maggie
D:9:      layout_basic, mainiacjoe_overflow_swirl, minmay_unpleasant_kobolds
D:10:     layout_rooms, minmay_microvault, uniq_erica
D:11:     cheibrodos_magma_flow, layout_basic, serial_bayou,
          serial_bayou_pond_b, serial_bayou_pond_d, serial_bayou_crossing,
          serial_bayou_pond_c, nicolae_vehumet_radiance, uniq_snorg, uniq_lodul,
          uniq_urug, uniq_harold
D:12:     layout_irregular_city, david_orc_3, uniq_azrael, uniq_psyche,
          uniq_nergalle
Temple:   eino_temple_lava

Skill      XL: |  1  2  3  4  5  6  7  8  9 10 11 12 |
---------------+-------------------------------------+-----
Short Blades   | 3 4 5 6 7 8 9 10 | 10.2
Fighting       | 3 4 5 6 7 10 11 | 11.7
Invocations    | 2 3 4 6 7 |  7.1
Shields        | 2 4 |  4.9
Armour         | 2 3 4 |  4.8
Dodging        | 3 4 5 |  5.6
Long Blades    | 4 5 |  5.3
Stealth        | |  2.4

Action                     |  1- 3 |  4- 6 |  7- 9 | 10-12 || total
---------------------------+-------+-------+-------+-------++-------
  Melee: Short sword       |   105 |   222 |    17 |       ||   344
         Bite              |    32 |    59 |   144 |   213 ||   448
         Punch             |     1 |       |       |       ||     1
         Dagger            |       |       |   287 |   353 ||   640
         Scimitar          |       |       |       |    92 ||    92
   Fire: Longbow           |     4 |       |       |       ||     4
  Throw: Dart              |       |       |       |     4 ||     4
 Invoke: Slouch            |       |       |       |     1 ||     1
  Evoke: Wand              |       |       |       |     2 ||     2
    Use: Scroll            |     2 |     7 |     2 |    20 ||    31
         Potion            |       |       |       |     3 ||     3
 Armour: Scale mail        |    31 |       |       |    20 ||    51
         Plate armour      |    15 |    99 |   100 |    85 ||   299
  Dodge: Dodged            |    35 |    20 |    40 |   137 ||   232
  Block: Buckler           |     5 |    90 |   123 |   227 ||   445
         Reflection        |       |       |     2 |    12 ||    14

Table legend: (Time is in decaauts)
 A = Elapsed time spent in this place.
 B = Non-inter-level travel time spent in this place.
 C = Inter-level travel time spent in this place.
 D = Time resting spent in this place.
 E = Time spent auto-exploring this place.
 F = Levels seen in this place.
 G = Mean time per level.
                   A        B        C        D        E       F      G
               +--------+--------+--------+--------+--------+-----+--------+
         Total |  13587 |  13164 |    423 |    315 |  10574 |  14 |  970.5 |
       Dungeon |  13265 |  12856 |    409 |    315 |  10383 |  12 | 1105.4 |
        Temple |     84 |     71 |     13 |      0 |     50 |   1 |   84.0 |
         Sewer |    236 |    236 |      0 |      0 |    141 |   1 |  236.0 |
               +--------+--------+--------+--------+--------+-----+--------+

Top non-repeatable levels by time:
    D:11: 1821 daAuts
     D:4: 1494 daAuts
     D:1: 1312 daAuts
     D:8: 1301 daAuts
     D:9: 1275 daAuts
     D:7: 1255 daAuts
     D:3: 1072 daAuts
     D:5: 914 daAuts
    D:10: 913 daAuts
     D:6: 821 daAuts
     D:2: 729 daAuts
    D:12: 355 daAuts
   Sewer: 236 daAuts
  Temple: 84 daAuts
